 Dungeon Crawl Stone Soup version 0.20-a0-830-g2c9a30d (webtiles) character file.

56 Aksej the Sneak (level 3, -1/16 HPs)
             Began as a Spriggan Enchanter on Mar 7, 2017.
             Slain by a kobold
             ... wielding a +0 dagger
              (2 damage)
             ... on level 2 of the Dungeon.
             The game lasted 00:03:19 (1493 turns).

Aksej the Sneak (Spriggan Enchanter)                Turns: 1493, Time: 00:03:20

Health: -1/16      AC:  4    Str:  4    XL:     3   Next: 71%
Magic:  8/8        EV: 19    Int: 16    God:
Gold:   45         SH:  0    Dex: 17    Spells: 7/8 levels left

rFire    . . .     SeeInvis +   a - +1 dagger
rCold    . . .     Gourm    .   b - +2 robe
rNeg     . . .     Faith    .   (shield restricted)
rPois    .         Spirit   .   (helmet restricted)
rElec    .         Reflect  .   (no cloak)
rCorr    .         Harm     .   (gloves unavailable)
MR       .....     Clarity  +   (boots unavailable) Stlth +++.......Rnd*Tele +
                                (no amulet)
Regen    0.1/turn               (no ring)
MPRegen  0.2/turn               (no ring)

@: very quick
A: unfitting armour, see invisible, clarity, herbivore 3, speed 3, slow
metabolism 2, teleportitis 1, subdued magic 1
a: no special abilities


You were on level 2 of the Dungeon.
You were not hungry.

You visited 1 branch of the dungeon, and saw 2 of its levels.

You collected 45 gold pieces.

Inventory:

Hand Weapons
 a - a +1 dagger (weapon)
Armour
 b - a +2 robe (worn)
Scrolls
 f - 2 scrolls of enchant armour
Potions
 e - a potion of brilliance {unknown}
Books
 c - a book of Maledictions

   Spells                             Type                      Level
   a - Corona                         Hexes                        1
   b - Ensorcelled Hibernation        Hexes/Ice                    2
   c - Confuse                        Hexes                        3
   d - Tukima's Dance                 Hexes                        3
   e - Dazzling Spray                 Conjuration/Hexes            3
Comestibles
 d - 3 bread rations
 g - a royal jelly


   Skills:
 + Level 0.1 Fighting
 * Level 2.1 Short Blades
 + Level 3.7 Dodging
 + Level 5.3 Stealth
 + Level 3.1 Spellcasting
 + Level 4.0 Hexes


You had 7 spell levels left.
You knew the following spells:

 Your Spells              Type           Power        Failure   Level  Hunger
a - Corona                Hex            ##.....      3%          1    #......


Dungeon Overview and Level Annotations

Branches:
Dungeon (2/15)

Altars:
Elyvilon
Hepliaklqana


Innate Abilities, Weirdness & Mutations

You are very small and have problems with some larger weapons.
You are too small for most types of armour.
You have supernaturally acute eyesight. (SInv)
You are a herbivore.
You cover ground extremely quickly.
You need consume almost no food.
You possess an exceptional clarity of mind.
You are occasionally teleported next to monsters.
Your spells are a little easier to cast, but a little less powerful.


Message History

The kobold misses you.
You hit the goblin but do no damage.
The goblin is heavily wounded.
The bat barely misses you. The goblin closely misses you.
The kobold hits you but does no damage.
You hit the goblin.
You kill the goblin!
The bat closely misses you. The kobold completely misses you.
You hit the bat but do no damage. The bat barely misses you.
You hit the bat.
The bat is moderately wounded.
The bat barely misses you. The kobold misses you.
You hit the bat.
The bat is severely wounded.
The bat completely misses you. The kobold hits you with a dagger.
* * * LOW HITPOINT WARNING * * *
You closely miss the bat.
The bat is severely wounded.
The bat closely misses you. The kobold hits you with a dagger.
You die...

....†........
...##.#######
#.###.# ### #.# #.#
# .#. #. # #
###.#########
#...†.#.....# #
#(.))@#.##..##.#.##
#...Kb...w#........
.#
#.....#.##.......##
.#
#.....#.....#....#
##
##############.#...
## ##


You could see a worm, a bat and a kobold.

Vanquished Creatures
  An adder (D:2)
  A worm (D:2)
  4 dart slugs
  3 leopard geckos
  A ball python (D:1)
  A giant cockroach (D:2)
  4 goblins
  4 hobgoblins
  A quokka (D:2)
  5 bats
  4 frilled lizards
  2 kobolds (D:1)
  3 rats (D:1)
34 creatures vanquished.

Notes
Turn   | Place    | Note
-------+----------+-------------------------------------------
     0 | D:1      | Aksej the Spriggan Enchanter began the quest for the Orb.
     0 | D:1      | Reached XP level 1. HP: 9/9 MP: 5/5
   500 | D:1      | Reached XP level 2. HP: 9/13 MP: 4/6
   662 | D:1      | Reached skill level 5 in Stealth
   998 | D:1      | Gained mutation: You are occasionally teleported next to monsters. [potion of mutation]
   998 | D:1      | Gained mutation: Your spells are a little easier to cast, but a little less powerful. [potion of mutation]
   998 | D:1      | Gained mutation: You possess an exceptional clarity of mind. [potion of mutation]
  1035 | D:1      | Reached XP level 3. HP: 16/16 MP: 8/8
  1381 | D:2      | Found a hazy altar of Hepliaklqana.
  1383 | D:2      | Found a white marble altar of Elyvilon.
  1493 | D:2      | Slain by a kobold

Vault maps used:
D:1:      dpeg_arrival_long_road
D:2:      nicolae_overflow_hidden_temple

Skill      XL: |  1  2  3 |
---------------+----------+-----
Stealth        | 5 |  5.3
Spellcasting   | 3 |  3.1
Short Blades   | 2 |  2.1
Hexes          | 4 |  4.0
Fighting       | |  0.1
Dodging        | |  3.7

Action                   || total
-------------------------++-------
Melee: Dagger            ||   150
 Cast: Corona            ||     9
  Use: Scroll            ||     3
       Potion            ||     2
 Stab: Sleeping          ||    14
Armor: Robe              ||    16
Dodge: Dodged            ||   154
